 Dungeon Crawl Stone Soup version 0.28.0-53-g5a82cb258f (webtiles) character file.

Game seed: 2912757632367674530

63 KittenMitten the Sneak (level 3, -1/35 HPs)
             Began as a Troll Brigand on Aug 12, 2022.
             Was an Initiate of Ru.
             Slain by Terence
             ... wielding a +1 mace of protection
              (11 damage)
             ... on level 2 of the Dungeon.
             The game lasted 00:24:42 (1317 turns).

KittenMitten the Sneak (Troll Brigand)              Turns: 1317, Time: 00:24:43

Health: -1/35      AC:  5    Str: 19    XL:     3   Next: 87%
Magic:  2/2        EV:  9    Int:  7    God:    Ru [......]
Gold:   20         SH:  0    Dex: 13    Spells: 2/2 levels left

rFire   . . .      SeeInvis .   a - +2 dagger
rCold   . . .      Faith    .   (no shield)
rNeg    . . .      Spirit   .   b - +0 robe
rPois   .          Reflect  .   (helmet restricted)
rElec   .          Harm     .   c - +0 cloak
rCorr   +          Rampage  .   (gloves unavailable)
Will    .....                   (boots unavailable)
Stlth   ++........              (no amulet)
HPRegen 0.91/turn               f - ring of resist corrosion
MPRegen 0.08/turn               (no ring)

@: no status effects
A: large, unfitting armour, claws 3, regeneration 1, shaggy fur 1, tough skin 1,
missing an eye
a: Renounce Religion


You were on level 2 of the Dungeon.
You worshipped Ru.
Ru was noncommittal.
You visited 1 branch of the dungeon, and saw 2 of its levels.

You collected 34 gold pieces.
You spent 14 gold pieces at shops.

Inventory:

Hand Weapons
 a - a +2 dagger (weapon)
 i - a +0 dagger
 j - a +0 dagger
 k - a +0 dagger
 m - a +0 trident
Missiles
 d - 6 poisoned darts (quivered)
 e - 2 curare-tipped darts
 l - 23 stones
 n - 3 javelins
Armour
 b - a +0 robe (worn)
 c - a +0 cloak (worn)
 h - a +0 robe
Jewellery
 f - a ring of resist corrosion (left claw)
Scrolls
 g - a scroll of holy word {unknown}
 p - a scroll of brand weapon {unknown}
Potions
 o - a potion of degeneration


   Skills:
 + Level 1.8 Fighting
 + Level 2.0 Short Blades
 * Level 2.2 Throwing
 - Level 1.1 Dodging
 + Level 2.7 Stealth


You had 2 spell levels left.
You didn't know any spells.
Your spell library was empty.

Dungeon Overview and Level Annotations

Branches:
Dungeon (2/15)

Altars:
Ru

Shops:
D:1 !!(   D:2 [

Annotations:
D:1 1 exclusion
D:2 Terence


Innate Abilities, Weirdness & Mutations

You are too large for most types of armour.
You have claws for hands.
Your natural rate of healing is unusually fast.
You are covered in fur. (AC +1)
You have tough skin. (AC +1)
You are missing an eye, making it more difficult to aim.


Message History

A ball python comes into view.
Terence shouts!
A ball python comes into view.
A quokka comes into view.
The ball python hisses angrily.
Terence asks, "Do you want it fast or slow?"
The ball python barely misses you.
You barely miss the ball python.
The ball python bites you but does no damage.
You hit the ball python.
The ball python is severely wounded.
Terence hits you with a +1 mace of protection.
The ball python bites you but does no damage.
You hit the ball python.
You kill the ball python!
Terence hits you with a +1 mace of protection!
You closely miss Terence.
Terence hits you with a +1 mace of protection.
You barely miss Terence.
Terence hits you with a +1 mace of protection.
You barely miss Terence. Terence closely misses you.
You barely miss Terence.
Terence hits you with a +1 mace of protection!
You closely miss Terence.
Terence hits you with a +1 mace of protection.
Terence says, "How do you enjoy it?" Terence barely misses you.
An adder comes into view.
A hobgoblin comes into view.
You miss the adder. Terence hits you but does no damage.
The adder barely misses you.
You barely miss the adder.
Terence says, "Rest in peace."
Terence hits you with a +1 mace of protection!
* * * LOW HITPOINT WARNING * * *
The adder bites you.
* * * LOW HITPOINT WARNING * * *
You miss the adder.
Terence hits you with a +1 mace of protection!
You die...

###......#
#
#####.#.#
#.### #.#
#.# #.#
######.#
#.@r...#
#@######
#S# #.#
#.# #.#
#g# #..
#..


You could see Terence, an adder, a quokka and a hobgoblin.

Vanquished Creatures
  An adder (D:2)
  A dart slug (D:1)
  3 bats
  4 endoplasms (D:1)
  6 giant cockroaches (D:1)
  5 goblins
  2 hobgoblins
  5 jackals (D:1)
  2 quokkas
  6 ball pythons
  3 frilled lizards (D:1)
  3 kobolds
  4 rats
45 creatures vanquished.

Vanquished Creatures (others)
  A plant (D:2)
1 creature vanquished.

Grand Total: 46 creatures vanquished

Notes
Turn   | Place    | Note
-------+----------+-------------------------------------------
     0 | D:1      | KittenMitten the Troll Brigand began the quest for the Orb.
     0 | D:1      | Reached XP level 1. HP: 19/19 MP: 0/0
    74 | D:1      | Reached XP level 2. HP: 28/28 MP: 1/1
    94 | D:1      | Found Taliav's Weapon Shoppe.
   431 | D:1      | Found Bem Wage's Distillery.
   535 | D:1      | Found Qyolelemat's Distillery.
   543 | D:1      | Bought a potion of degeneration for 14 gold pieces
   563 | D:1      | Reached XP level 3. HP: 35/35 MP: 2/2
   896 | D:1      | Found a faded altar of an unknown god.
   912 | D:1      | Prayed at the altar of an unknown god.
   912 | D:1      | Became a worshipper of Ru the Awakened
   917 | D:1      | Gained mutation: You are missing an eye, making it more
                  | difficult to aim. [Ru sacrifice]
  1155 | D:2      | Reached skill level 1 in Dodging
  1183 | D:2      | Found Hyinnywn's Antique Armour Boutique.
  1285 | D:2      | Noticed Terence
  1317 | D:2      | Slain by Terence

Illustrated notes

Levels and vault maps discovered:
D:1:      erik_arrival_blinker_ship, layout_loops_ring, serial_shops,
          nicolae_shop_temple_entry_statues_fountains, shop, shop,
          hellmonk_ecumenical_altar_crossroads, minmay_door_square
D:2:      layout_loops_ring, serial_shops, shop,
          nicolae_shop_overgrown_old_shop, minmay_cut_off, uniq_terence

Skill      XL: |  1  2  3 |
---------------+----------+-----
Throwing       | 2 |  2.2
Dodging        | 1 |  1.1
Short Blades   | 2 |  2.0
Fighting       | |  1.8
Stealth        | |  2.7

Action                   || total
-------------------------++-------
Melee: Dagger            ||   157
Throw: Dart              ||    12
Invok: Sacrifice an Eye  ||     1
 Stab: Sleeping          ||     7
Armor: Robe              ||    57
Dodge: Dodged            ||    65
